 Dungeon Crawl Stone Soup version 0.26.0-16-gc1dbca0489 (webtiles) character file.

Game seed: 8780422602661998249

45 Tveyn the Skirmisher (level 3, -1/30 HPs)
             Began as a Demonspawn Abyssal Knight on Jan 21, 2021.
             Was a Follower of Lugonu.
             Slain by a hobgoblin
             ... wielding a +0 club
              (4 damage)
             ... on level 2 of the Dungeon.
             The game lasted 00:07:23 (1895 turns).

Tveyn the Skirmisher (Demonspawn Abyssal Knight)    Turns: 1895, Time: 00:07:24

Health: -1/30      AC:  4    Str: 12    XL:     3   Next: 42%
Magic:  0/4        EV: 11    Int: 14    God:    Lugonu [*.....]
Gold:   95         SH:  0    Dex: 12    Spells: 2/2 levels left

rFire    . . .     SeeInvis .   e - +0 short sword
rCold    . . .     Faith    .   (no shield)
rNeg     . . .     Spirit   +   a - +1 leather armour
rPois    .         Reflect  .   (no helmet)
rElec    .         Harm     .   (no cloak)
rCorr    .         Rampage  .   (no gloves)
Will     .....                  (no boots)
Stlth    +.........             (no amulet)
HPRegen  0.10/turn              (no ring)
MPRegen  0.09/turn              (no ring)

@: no status effects
A: magic shield
a: Renounce Religion, Depart the Abyss


You were on level 2 of the Dungeon.
You worshipped Lugonu.
Lugonu was aware of your devotion.
You visited 1 branch of the dungeon, and saw 2 of its levels.
You visited the Abyss 1 time.

You collected 95 gold pieces.

Inventory:

Hand Weapons
 d - a +0 club
 e - a +0 short sword (weapon)
Armour
 a - a +1 leather armour (worn)
 b - a +0 buckler


   Skills:
 + Level 3.9 Fighting
 + Level 0.2 Short Blades
 + Level 2.0 Armour
 + Level 1.4 Dodging
 + Level 2.0 Unarmed Combat
 + Level 2.4 Invocations


You had 2 spell levels left.
You didn't know any spells.
Your spell library was empty.

Dungeon Overview and Level Annotations

Branches:
Dungeon (2/15)

Altars:


Innate Abilities, Weirdness & Mutations

When hurt, damage is shared between your health and your magic reserves.


Message History

Magic restored.
You start resting.
A hobgoblin comes into view. It is wielding a +0 club.
A hobgoblin is nearby!
The hobgoblin shouts!
You closely miss the hobgoblin. The hobgoblin hits you with a +0 club.
* * * LOW HITPOINT WARNING * * *
You barely miss the hobgoblin. The hobgoblin hits you with a +0 club.
* * * LOW HITPOINT WARNING * * *
You hit the hobgoblin.
The hobgoblin is moderately wounded.
The hobgoblin barely misses you.
You hit the hobgoblin but do no damage.
The hobgoblin is moderately wounded.
The hobgoblin hits you with a +0 club.
* * * LOW HITPOINT WARNING * * *
You barely miss the hobgoblin.
The hobgoblin is moderately wounded.
The hobgoblin hits you with a +0 club.
You die...

### #.. #.# ### #.#
#.< # #. #.# #.#
... ###.###.###.#
..#[
............###....
#. #.###.?...#.# #.
#.@g).......# #.
#####.#.#####
#.#######........
#.<.....†........
##............###
#.########.#.# #.#
.#.# #.# [# # #.#
.#


You could see a hobgoblin.

Vanquished Creatures
  An adder (D:2)
  2 dart slugs (D:1)
  A leopard gecko (D:1)
  2 giant cockroaches
  6 goblins
  2 hobgoblins (D:1)
  6 bats (D:1)
  A frilled lizard (D:1)
  5 kobolds (D:1)
  5 rats (D:1)
31 creatures vanquished.

Notes
Turn   | Place    | Note
-------+----------+-------------------------------------------
     0 | Abyss:1  | Tveyn the Demonspawn Abyssal Knight began the quest for the
                  | Orb.
     0 | Abyss:1  | Reached XP level 1. HP: 18/18 MP: 2/2
    56 | Abyss:1  | Noticed a large abomination
    57 | D:1      | Escaped the Abyss
   274 | D:1      | Gained mutation: When hurt, damage is shared between your
                  | health and your magic reserves. [demonic ancestry]
   274 | D:1      | Reached XP level 2. HP: 15/24 MP: 3/3
   280 | D:1      | Reached * piety under Lugonu
   870 | D:1      | Reached skill level 1 in Dodging
  1246 | D:1      | Reached XP level 3. HP: 30/30 MP: 4/4
  1819 | D:2      | HP: 1/30 [poisoned by an adder]
  1895 | D:2      | Slain by a hobgoblin

Illustrated notes

Levels and vault maps discovered:
D:1:      mainiacjoe_arrival_reflecting_pool, layout_basic
D:2:      layout_loops_ring

Skill      XL: |  1  2 |
---------------+-------+-----
Unarmed Combat | 2 |  2.0
Dodging        | 1 |  1.4
Armour         | 2 |  2.0
Fighting       | |  3.9
Short Blades   | |  0.2
Invocations    | |  2.4

Action                   || total
-------------------------++-------
Melee: Unarmed           ||    36
       Punch             ||     3
       Short sword       ||    96
       Club              ||     5
Invok: Depart the Abyss  ||     1
  Use: Scroll            ||     4
       Potion            ||     2
Armor: Leather armour    ||    50
Dodge: Dodged            ||    95
